 Dungeon Crawl Stone Soup version 0.31-a0-986-g5e6e4ef867 (webtiles) character file.

Game seed: 8526492132649902477

72 sammy202020 the Changeling (level 4, -10/33 HPs)
             Began as a Merfolk Shapeshifter on Nov 12, 2023.
             Killed by divine providence
             ... invoked by an orc priest
              (11 damage)
             ... on level 3 of the Dungeon.
             The game lasted 00:02:06 (1356 turns).

sammy202020 the Changeling (Merfolk Shapeshifter)   Turns: 1356, Time: 00:02:07

Health: -10/33     AC: 10    Str: 14    XL:     4   Next: 25%
Magic:  4/4        EV:  4    Int: 11    God:
Gold:   127        SH:  0    Dex: 13    Spells: 3/3 levels left

rFire   . .          .
                       - Unarmed
rCold   . . .        (no shield)
rNeg    . . .        e - +0 plate armour
rPois   .            (helmet currently unavailable)
rElec   .            (cloak currently unavailable)
rCorr   .            (gloves currently unavailable)
SInv    .            (boots currently unavailable)
Will    .....        (no amulet) Stlth
                     (no ring)
HPRegen 0.25/turn    (no ring)
MPRegen 0.09/turn

%: no passive effects
@: beast-form
A: beast (slay +2), (nimble swimmer 2), mertail
a: Begin Untransformation


You were on level 3 of the Dungeon.
You were a hulking beast.
You visited 1 branch of the dungeon, and saw 3 of its levels.

You collected 127 gold pieces.

Inventory:

Armour
 a - a +0 animal skin
 e - a +0 plate armour (worn)
 j - the +1 helmet of Kindness {Fly Str+4}
   (You found it on level 3 of the Dungeon)

   Str+4:     It affects your strength (+4).
   Fly:       It grants you flight.
Jewellery
 i - a ring of fire
Talismans
 c - a beast talisman
 d - a flux talisman
Scrolls
 f - 3 scrolls of identify
 g - a scroll of summoning
 h - a scroll of enchant weapon
Potions
 b - a potion of lignification


   Skills:
 * Level 2.2 Fighting
 + Level 0.6 Armour
 + Level 3.1 Dodging
 * Level 4.0 Unarmed Combat
 * Level 4.7 Shapeshifting


You had 3 spell levels left.
You didn't know any spells.
Your spell library contained the following spells:

 Spells                   Type           Power      Damage    Failure   Level
 Necrotise                Necr           0%         1d4       100%        1
 Vampiric Draining        Necr           0%         2d6       100%        3
 Agony                    Necr           0%         N/A       100%        5


Dungeon Overview and Level Annotations

Branches:
Dungeon (3/15)

Altars:


Innate Abilities, Weirdness & Mutations

You are a hulking beast.
Your limbs bulge with bestial killing power. (Slay +2)
((You are very nimble when in or above water. (Stealth+, EV+, Speed+++)))
Your lower body shifts to a powerful aquatic tail in water.


Message History

No target in view!
No target in view!
No target in view!
No target in view!
Found a stone staircase leading down.
There are monsters nearby!
There are monsters nearby!
The orc priest casts a cantrip, but nothing happens.
The orc priest hits you but does no damage.
You hit the orc priest.
The orc priest is heavily wounded.
The orc priest begins to cast a cantrip, but forgets the words!
You hit the orc priest but do no damage.
The orc priest is heavily wounded.
The orc priest looks satisfied for a moment.
You hit the orc priest.
The orc priest is severely wounded.
The orc priest calls down the wrath of Beogh upon you.
Beogh smites you!
You closely miss the orc priest.
The orc priest is severely wounded.
The orc priest hits you with a +0 club.
The orc priest hits you but does no damage.
You hit the orc priest but do no damage.
The orc priest is severely wounded.
The orc priest invokes the aid of Beogh against you.
Pain shoots through your body!
* * * LOW HITPOINT WARNING * * *
The orc priest hits you with a +0 flail!
* * * LOW HITPOINT WARNING * * *
Okay, then.
Okay, then.
You hit the orc priest but do no damage.
The orc priest is severely wounded.
The orc priest barely misses you. x2
You hit the orc priest.
The orc priest is almost dead.
The orc priest calls down the wrath of Beogh upon you.
Beogh smites you!
You die...

#...# #. #...# ####.####
#...#
##.......#####...#####
#........#.........$.##.
...#................>...
...#........?...oo..#
.....#....# #..h#
..........# #.).#
...#....#.# #...#
#.......#)# #...####
####.<###.# ##.#....+
#.....<#####.#.####
##.####........#
.........#####.#
...###...# #|#


You could see 2 orc priests.

Vanquished Creatures
  2 adders (D:2)
  2 worms
  2 dart slugs
  2 orcs (D:3)
  3 endoplasms
  2 giant cockroaches
  3 goblins
  3 hobgoblins
  2 quokkas
  A ball python (D:1)
  8 bats
  4 frilled lizards
  4 kobolds
  6 rats
44 creatures vanquished.

Notes
Turn   | Place    | Note
-------+----------+-------------------------------------------
     0 | D:1      | sammy202020 the Merfolk Shapeshifter began the quest for
                  | the Orb.
     0 | D:1      | Reached XP level 1. HP: 15/15 MP: 1/1
    97 | D:1      | Reached XP level 2. HP: 16/21 MP: 2/2
   599 | D:2      | Reached XP level 3. HP: 27/27 MP: 3/3
  1260 | D:3      | Identified the "Zoing"
  1265 | D:3      | Identified the +1 helmet of Kindness {Fly Str+4}
  1274 | D:3      | Reached XP level 4. HP: 29/33 MP: 4/4
  1354 | D:3      | HP: 1/33 [orc priest/+0 flail (7)]
  1356 | D:3      | Killed from afar by an orc priest

Illustrated notes

Levels and vault maps discovered:
D:1:      dpeg_arrival_arbitrary_b, layout_rooms, serial_glass, glass_columns_b,
          glass_columns_a
D:2:      layout_rooms, grunt_ministairs_8
D:3:      layout_loops_cross, ashenzari_conservatory_becter,
          shapermc_ecumenical_altar_rom_forum

Skill      XL: |  1  2  3  4 |
---------------+-------------+-----
Dodging        | 3 |  3.1
Fighting       | 2 |  2.2
Unarmed Combat | 4 |  4.0
Armour         | |  0.6
Shapeshifting  | |  4.7

Action                     |  1- 3 |  4- 6 || total
---------------------------+-------+-------++-------
  Melee: Unarmed           |   103 |    34 ||   137
         Punch             |     2 |       ||     2
    Use: Scroll            |     2 |       ||     2
 Armour: Ring mail         |    25 |       ||    25
         Plate armour      |    83 |    25 ||   108
  Dodge: Dodged            |    37 |     5 ||    42

Table legend: (Time is in decaauts)
 A = Elapsed time spent in this place.
 B = Non-inter-level travel time spent in this place.
 C = Inter-level travel time spent in this place.
 D = Time resting spent in this place.
 E = Time spent auto-exploring this place.
 F = Levels seen in this place.
 G = Mean time per level.
                   A        B        C        D        E       F      G
               +--------+--------+--------+--------+--------+-----+--------+
         Total |   1347 |   1347 |      0 |    173 |    811 |   3 |  449.0 |
       Dungeon |   1347 |   1347 |      0 |    173 |    811 |   3 |  449.0 |
               +--------+--------+--------+--------+--------+-----+--------+

Top non-repeatable levels by time:
     D:2: 674 daAuts
     D:1: 579 daAuts
     D:3: 92 daAuts
